[Event "ICC tourney 1987 (15 5)"]
[Site "Internet Chess Club"]
[Date "2020.08.30"]
[Round "2"]
[White "Qigongmaster"]
[Black "BreatheChessAls"]
[Result "1/2-1/2"]
[ICCResult "Game drawn by repetition"]
[WhiteElo "2223"]
[BlackElo "1973"]
[Opening "Queen's pawn game"]
[ECO "D04"]
[NIC "QP.06"]
[Time "13:08:40"]
[TimeControl "900+5"]

1. Nf3 Nf6 2. d4 d5 3. e3 c6 4. Bd3 g6 5. O-O Bg7 6. Nbd2 O-O 7. b3 Nbd7 8.
Bb2 e6 9. Ne5 Nxe5 10. dxe5 Nd7 11. f4 Qb6 12. Rf3 a5 13. Rh3 a4 14. Qe1 Qd8
15. g4 axb3 16. cxb3 Re8 17. g5 b6 18. Rg3 Ba6 19. Bc2 c5 20. h4 Nf8 21. h5
Qd7 22. Nf1 Qb5 23. Nh2 Qe2 24. Qxe2 Bxe2 25. hxg6 fxg6 26. a3 b5 27. Kf2
Bh5 28. Bd1 Bxd1 29. Rxd1 c4 30. b4 Rec8 31. Ng4 Rc7 32. Ke2 Rac8 33. Bc1
Nd7 34. Rh3 Nb6 35. Rdh1 Bh8 36. Kd2 c3+ 37. Kc2 Nc4 38. Nh6+ Kf8 39. Ng4
Kg8 40. Nh6+ Kf8 41. Ng4 Kg8 42. Nh6+ {Game drawn by repetition} 1/2-1/2

[Event "ICC tourney 1987 (15 5)"]
[Site "Internet Chess Club"]
[Date "2020.08.30"]
[Round "2"]
[White "Slypawn"]
[Black "VincentT2008"]
[Result "1-0"]
[ICCResult "Black resigns"]
[WhiteElo "2119"]
[BlackElo "1851"]
[Opening "Scotch game"]
[ECO "C45"]
[NIC "SO.04"]
[Time "13:08:52"]
[TimeControl "900+5"]

1. e4 e5 2. Nf3 Nc6 3. d4 exd4 4. Nxd4 Qf6 5. Be3 Bc5 6. c3 Bb6 7. Bc4 Nge7
8. O-O O-O 9. Na3 Ne5 10. Bb3 d6 11. f3 Qg6 12. Qd2 Re8 13. Ne2 N7c6 14.
Bxb6 axb6 15. Nb5 Re7 16. Rad1 Na5 17. Nf4 Qh6 18. Nd5 Qxd2 19. Nxe7+ Kh8
20. Rxd2 {Black resigns} 1-0

[Event "ICC tourney 1987 (15 5)"]
[Site "Internet Chess Club"]
[Date "2020.08.30"]
[Round "2"]
[White "cooljay"]
[Black "hackerguru"]
[Result "1-0"]
[ICCResult "Black resigns"]
[WhiteElo "2064"]
[BlackElo "1759"]
[Opening "Sicilian: Labourdonnais-Löwenthal (Kalashnikov) variation"]
[ECO "B32"]
[NIC "SI.32"]
[Time "13:08:42"]
[TimeControl "900+5"]

1. e4 c5 2. Nf3 Nc6 3. d4 cxd4 4. Nxd4 e5 5. Nb5 d6 6. c4 Be7 7. N1c3 a6 8.
Na3 f5 9. exf5 Bxf5 10. Nc2 Nf6 11. Ne3 Be6 12. g3 O-O 13. Bg2 Kh8 14. O-O
Qd7 15. Ncd5 Rad8 16. b3 Nd4 17. Bb2 Nxd5 18. Nxd5 Bh3 19. Bxd4 Bxg2 20.
Kxg2 exd4 21. Qxd4 Qc6 22. f3 Bf6 23. Nxf6 Rxf6 24. Rae1 Rdf8 25. Qe4 Qc5
26. f4 g5 27. Re3 gxf4 28. Rxf4 Rxf4 29. gxf4 Qc7 30. Qd4+ Qg7+ 31. Qxg7+
Kxg7 32. Re7+ Rf7 33. Rxf7+ Kxf7 34. Kf3 Kf6 35. Ke4 Ke6 36. b4 b6 37. a4 a5
38. b5 Kf6 39. Kd5 Kf5 40. Kxd6 Kxf4 41. c5 bxc5 42. Kxc5 Ke5 43. b6
{Black resigns}
1-0

[Event "ICC tourney 1987 (15 5)"]
[Site "Internet Chess Club"]
[Date "2020.08.30"]
[Round "2"]
[White "Plato"]
[Black "LChessMaster"]
[Result "1/2-1/2"]
[ICCResult "Game drawn by mutual agreement"]
[WhiteElo "2057"]
[BlackElo "1608"]
[Opening "Queen's pawn"]
[ECO "A40"]
[NIC "QO.17"]
[Time "13:08:47"]
[TimeControl "900+5"]

1. d4 e6 2. Nf3 c5 3. c3 Nf6 4. e3 Nc6 5. Bd3 d5 6. Nbd2 Bd7 7. O-O cxd4 8.
exd4 Bd6 9. Qe2 O-O 10. Ne5 h6 11. f4 a6 12. g4 Bxe5 13. fxe5 Nh7 14. Nf3 f6
15. exf6 Nxf6 16. h3 Qc7 17. Ne5 Nxe5 18. dxe5 Nh7 19. Bf4 Bb5 20. Bxb5 Qb6+
21. Be3 Qxb5 22. Qd2 Rxf1+ 23. Rxf1 Rf8 24. Rxf8+ Nxf8 25. Qc2 Qe8 26. Kg2
Qg6 {Game drawn by mutual agreement} 1/2-1/2

[Event "ICC tourney 1987 (15 5)"]
[Site "Internet Chess Club"]
[Date "2020.08.30"]
[Round "2"]
[White "funplaychess"]
[Black "icyblizzard"]
[Result "1-0"]
[ICCResult "Black checkmated"]
[WhiteElo "2362"]
[BlackElo "2118"]
[Opening "Grünfeld: Three knights variation"]
[ECO "D90"]
[NIC "GI.07"]
[Time "13:09:26"]
[TimeControl "900+5"]

1. d4 Nf6 2. c4 g6 3. Nc3 d5 4. Nf3 Bg7 5. h4 c5 6. dxc5 Qa5 7. cxd5 Ne4 8.
Bd2 Nxc3 9. Qb3 Na6 10. Bxc3 Bxc3+ 11. Qxc3 Qxc3+ 12. bxc3 Nxc5 13. Nd2 Bf5
14. f3 Rc8 15. e4 Bd7 16. c4 f6 17. Kf2 Kf7 18. Ke3 Rc7 19. Be2 Rhc8 20. Nb3
Na4 21. Rac1 b6 22. f4 Nb2 23. Kd4 a5 24. h5 Kg7 25. hxg6 hxg6 26. Rh2 a4
27. Rch1 e5+ 28. fxe5 fxe5+ 29. Kxe5 axb3 30. Rh7+ Kf8 31. Rh8+ Ke7 32.
R1h7# {Black checkmated} 1-0

[Event "ICC tourney 1987 (15 5)"]
[Site "Internet Chess Club"]
[Date "2020.08.30"]
[Round "2"]
[White "MasterZachary"]
[Black "musk6868"]
[Result "1-0"]
[ICCResult "Black checkmated"]
[WhiteElo "2297"]
[BlackElo "2030"]
[Opening "Sicilian: accelerated fianchetto, modern variation with Bc4"]
[ECO "B35"]
[NIC "SI.31"]
[Time "13:08:40"]
[TimeControl "900+5"]

1. e4 c5 2. Nf3 Nc6 3. Nc3 g6 4. d4 cxd4 5. Nxd4 Bg7 6. Be3 Nf6 7. Bc4 Qa5
8. O-O O-O 9. Nb3 Qc7 10. Be2 d6 11. f4 a6 12. Qd2 b5 13. Rae1 Bb7 14. Nd5
Nxd5 15. exd5 Nb8 16. f5 Nd7 17. fxg6 hxg6 18. Rf4 Rac8 19. c3 Nf6 20. Bf3
a5 21. Rh4 a4 22. Bh6 Ne8 23. Bxg7 Nxg7 24. Qh6 f6 25. Qxg6 axb3 26. Qh7+
Kf7 27. Bh5# {Black checkmated} 1-0

[Event "ICC tourney 1987 (15 5)"]
[Site "Internet Chess Club"]
[Date "2020.08.30"]
[Round "2"]
[White "ulanru2020"]
[Black "Monkeybomb3605"]
[Result "1/2-1/2"]
[ICCResult "Game drawn by repetition"]
[WhiteElo "2180"]
[BlackElo "1992"]
[Opening "Trompowsky attack (Ruth, Opocenský opening)"]
[ECO "A45"]
[NIC "QP.07"]
[Time "13:09:08"]
[TimeControl "900+5"]

1. d4 Nf6 2. Bg5 d5 3. Bxf6 exf6 4. e3 Bd6 5. c4 dxc4 6. Bxc4 O-O 7. Nc3 f5
8. Nf3 Nd7 9. O-O Nf6 10. Qc2 c6 11. a4 Qc7 12. Rac1 b6 13. h3 g6 14. Rfd1
Bb7 15. Qb3 Rac8 16. Bd3 Qb8 17. Be2 Rfd8 18. Rc2 Qa8 19. Ng5 Nd5 20. Nxd5
cxd5 21. Rdc1 Rxc2 22. Rxc2 Rc8 23. g3 Rxc2 24. Qxc2 Qc8 25. Qd2 Qc7 26. Kg2
Kg7 27. h4 Bc6 28. b3 Bd7 29. Bf3 Be6 30. Nh3 a5 31. Nf4 Qc6 32. Qd3 Bxf4
33. exf4 Bc8 34. Qe3 Qe6 35. Qd3 Qc6 36. h5 Bb7 37. Qe2 Qe6 38. Qb5 Qc6 39.
Qd3 Qe6 40. Qc2 Qc6 41. Qd2 Qe6 42. b4 axb4 43. Qxb4 Ba8 44. Qb5 Qc6 45. Qb4
Qe6 46. hxg6 hxg6 47. a5 bxa5 48. Qxa5 Bc6 49. Qc7 Qd7 50. Qe5+ f6 51. Qb8
Qe8 52. Qxe8 Bxe8 53. Bxd5 Kf8 54. Kf3 Ke7 55. Ke3 Kd6 56. Bc4 g5 57. fxg5
fxg5 58. Kd3 Bc6 59. Ke3 Bb7 60. Bb5 Bd5 61. Be8 Be6 62. Bg6 Kd5 63. Bh5 Bg8
64. Bd1 Kd6 65. Bc2 Be6 66. Kd2 Bd7 67. Kc3 Kd5 68. Bd3 Bc8 69. f3 Ke6 70.
Bc4+ Kd6 71. Kb4 Bb7 72. f4 gxf4 73. gxf4 Be4 74. Kb5 Bc6+ 75. Kb6 Be4 76.
Kb5 Bc6+ 77. Kb4 Be4 78. Kc3 Bc6 79. Kd2 Be4 80. Bd3 Bxd3 81. Kxd3 Kd5 82.
Ke3 Kc4 83. d5 Kxd5 84. Kd3 Kc5 85. Kc3 Kd5 86. Kd3 Kc5 87. Kc3 Kd5 88. Kd3
{Game drawn by repetition}
1/2-1/2

[Event "ICC tourney 1987 (15 5)"]
[Site "Internet Chess Club"]
[Date "2020.08.30"]
[Round "2"]
[White "Joelpaulg"]
[Black "marble"]
[Result "1-0"]
[ICCResult "Black forfeits on time"]
[WhiteElo "2110"]
[BlackElo "2295"]
[Opening "Pirc: Ufimtsev-Pytel variation"]
[ECO "B07"]
[NIC "PU.08"]
[Time "13:08:51"]
[TimeControl "900+5"]

1. e4 d6 2. d4 Nf6 3. Nc3 c6 4. f4 Qa5 5. e5 Ne4 6. Qf3 Nxc3 7. Bd2 Bf5 8.
Bd3 Bxd3 9. cxd3 Nd7 10. bxc3 Qd5 11. Qe2 c5 12. Nf3 cxd4 13. c4 Qc5 14. Rb1
e6 15. f5 Nxe5 16. fxe6 fxe6 17. O-O Be7 18. Rxb7 Bf6 19. Bb4 Qc6 20. Nxe5
Qxb7 21. Bxd6 O-O-O 22. c5 Qd5 23. Nf7 Kb7 24. Qb2+ Ka8 25. Nxd8 Rxd8 26.
Rb1 {Black forfeits on time} 1-0

[Event "ICC tourney 1987 (15 5)"]
[Site "Internet Chess Club"]
[Date "2020.08.30"]
[Round "2"]
[White "Aidenrchess"]
[Black "espark"]
[Result "0-1"]
[ICCResult "White resigns"]
[WhiteElo "2015"]
[BlackElo "2311"]
[Opening "Robatsch defense: Pseudo-Austrian attack"]
[ECO "B06"]
[NIC "KF.05"]
[Time "13:08:57"]
[TimeControl "900+5"]

1. e4 g6 2. d4 Bg7 3. Nc3 d6 4. f4 a6 5. Nf3 b5 6. a4 b4 7. Nd5 Bb7 8. a5 e6
9. Nxb4 Bxe4 10. Bd3 Bb7 11. Qe2 Ne7 12. O-O O-O 13. c3 Qc8 14. Be4 Bxe4 15.
Qxe4 d5 16. Qd3 Nd7 17. Ne5 Nf6 18. Nbc6 Nxc6 19. Nxc6 Qb7 20. Ne5 Ne4 21.
b4 f6 22. Nd7 Rfe8 23. Be3 Qc6 24. Nc5 Nd6 25. h4 Nc4 26. h5 Kf7 27. Rf3 f5
28. Re1 Bf8 29. Bf2 Nd6 30. Rh3 Ne4 31. Nxe4 dxe4 32. Qg3 Bg7 33. Qg5 Rg8
34. hxg6+ hxg6 35. Rh7 Rh8 36. d5 exd5 37. Rxg7+ Kxg7 38. Bd4+ Kf7 39. g4
Qe6 40. Bxh8 Rxh8 41. gxf5 gxf5 42. Kf2 Qf6 43. Qxf6+ Kxf6 44. b5 axb5 45.
Rb1 c6 46. a6 Rh2+ 47. Ke3 Ra2 {White resigns} 0-1

[Event "ICC tourney 1987 (15 5)"]
[Site "Internet Chess Club"]
[Date "2020.08.30"]
[Round "2"]
[White "GGuseinov"]
[Black "MrNormalName"]
[Result "1-0"]
[ICCResult "Black forfeits on time"]
[WhiteElo "2718"]
[BlackElo "2193"]
[Opening "Ruy Lopez: open Berlin defense, l'Hermet variation"]
[ECO "C67"]
[NIC "RL.07"]
[Time "13:09:31"]
[TimeControl "900+5"]

1. e4 e5 2. Nf3 Nc6 3. Bb5 Nf6 4. O-O Nxe4 5. d4 Nd6 6. dxe5 Nxb5 7. a4 Nbd4
8. Nxd4 Nxd4 9. Qxd4 d5 10. Qd3 c6 11. a5 Be6 12. f4 g6 13. Be3 Be7 14. Nd2
O-O 15. Nb3 f6 16. Nd4 Qd7 17. f5 Bxf5 18. Nxf5 gxf5 19. Bh6 Rf7 20. Rxf5
Bf8 21. Bxf8 Raxf8 22. Raf1 Qe7 23. Qg3+ Kh8 24. Qh4 Qc5+ 25. Kh1 Qxc2 26.
Rxf6 Qe2 27. Qf4 Rxf6 28. exf6 Qe6 29. b4 b6 30. a6 c5 31. h4 d4 32. h5 d3
33. h6 c4 34. f7 Qg6 35. Qd4+ {Black forfeits on time} 1-0

[Event "ICC tourney 1987 (15 5)"]
[Site "Internet Chess Club"]
[Date "2020.08.30"]
[Round "2"]
[White "gardemarin13"]
[Black "saiabhi29"]
[Result "0-1"]
[ICCResult "White resigns"]
[WhiteElo "1913"]
[BlackElo "2068"]
[Opening "Alekhine's defense: exchange variation"]
[ECO "B03"]
[NIC "AL.08"]
[Time "13:09:01"]
[TimeControl "900+5"]

1. e4 Nf6 2. e5 Nd5 3. d4 d6 4. c4 Nb6 5. exd6 exd6 6. Nc3 Be7 7. Bd3 O-O 8.
Nge2 Bf6 9. O-O Nc6 10. b3 Re8 11. Be3 Bg4 12. Qd2 Bxe2 13. Nxe2 h6 14. Bc2
Bg5 15. f4 Bf6 16. a3 Qe7 17. Rf3 d5 18. c5 Nd7 19. Qd3 g6 20. Nc3 Qd8 21.
Nxd5 Nxc5 22. Qc4 Ne4 23. f5 Nd6 24. Qf1 g5 25. Rd1 Nc8 26. Nxf6+ Qxf6 27.
Qd3 Nd6 28. Bf2 Rad8 29. Bg3 Ne4 30. Be1 Nxd4 31. Bc3 Nxc3 32. Qxc3 Ne2+
{White resigns}
0-1

[Event "ICC tourney 1987 (15 5)"]
[Site "Internet Chess Club"]
[Date "2020.08.30"]
[Round "2"]
[White "rychessmaster1"]
[Black "Aleksandrov73"]
[Result "0-1"]
[ICCResult "White resigns"]
[WhiteElo "2142"]
[BlackElo "2710"]
[Opening "Queen's pawn game"]
[ECO "D00"]
[NIC "QP.07"]
[Time "13:08:38"]
[TimeControl "900+5"]

1. d4 Nf6 2. Nc3 d5 3. Bf4 Bf5 4. f3 h5 5. e3 e6 6. Bd3 Bd6 7. Nge2 Bxd3 8.
Qxd3 Bxf4 9. Nxf4 Qd6 10. O-O-O Nbd7 11. g3 c5 12. e4 cxd4 13. Nb5 Qb6 14.
exd5 e5 15. d6 O-O 16. Ne2 Rac8 17. Na3 Nc5 18. Qf5 Na4 19. b3 Qxd6 20. Nb5
Qa6 21. bxa4 Qxa4 22. Qd3 Qxa2 23. Nbxd4 exd4 24. Nxd4 Rfd8 25. Qb3 Qa1+ 26.
Qb1 Qc3 27. Qb2 Nd5 28. Nf5 Kf8 29. Rhe1 g6 30. Qxc3 Nxc3 31. Rxd8+ Rxd8 32.
Ne3 b5 33. Kb2 Rc8 34. Ra1 Na4+ 35. Kc1 Rc7 36. c4 Nb6 37. Kd2 Nxc4+ 38.
Nxc4 bxc4 39. Kc3 Ke7 40. g4 hxg4 41. fxg4 Kf6 42. h4 Ke5 43. h5 gxh5 44.
gxh5 f5 45. h6 Kf6 46. h7 Rxh7 47. Kxc4 Rd7 48. Rf1 a5 49. Kb5 Ra7 50. Ka4
Ra8 51. Rb1 f4 52. Rb5 Re8 53. Rxa5 f3 54. Ra6+ Kg5 55. Ra7 f2 56. Rf7 Re4+
{White resigns}
0-1

[Event "ICC tourney 1987 (15 5)"]
[Site "Internet Chess Club"]
[Date "2020.08.30"]
[Round "2"]
[White "largecrab"]
[Black "kansashog"]
[Result "1-0"]
[ICCResult "Black forfeits on time"]
[WhiteElo "2203"]
[BlackElo "1862"]
[Opening "Sicilian"]
[ECO "B50"]
[NIC "SI.01"]
[Time "13:09:03"]
[TimeControl "900+5"]

1. e4 c5 2. Nf3 d6 3. c3 Nf6 4. Be2 e6 5. O-O Be7 6. Re1 Nbd7 7. Bf1 O-O 8.
d4 b6 9. e5 Ne8 10. Bd3 g6 11. Bh6 Ng7 12. Nbd2 Bb7 13. Ne4 Bxe4 14. Bxe4 d5
15. Bc2 Re8 16. Qd2 Nf8 17. Ba4 Nd7 18. g4 a6 19. Qf4 b5 20. Bc2 Bf8 21. a4
cxd4 22. cxd4 Rc8 23. Bd3 bxa4 24. Rxa4 Nb8 25. Raa1 Qd7 26. Rec1 Qb7 27.
Rxc8 Rxc8 28. h4 Qxb2 29. Rb1 Qc3 30. Ng5 Qxd3 31. Qxf7+ Kh8 32. Rb7 Rc1+
33. Kh2 Rh1+ 34. Kxh1 {Black forfeits on time} 1-0

[Event "ICC tourney 1987 (15 5)"]
[Site "Internet Chess Club"]
[Date "2020.08.30"]
[Round "2"]
[White "jy2020"]
[Black "chesslin"]
[Result "1-0"]
[ICCResult "Black resigns"]
[WhiteElo "2221"]
[BlackElo "1941"]
[Opening "Robatsch (modern) defense"]
[ECO "B06"]
[NIC "KF.05"]
[Time "13:08:44"]
[TimeControl "900+5"]

1. e4 g6 2. d4 Bg7 3. Nc3 d6 4. Be3 a6 5. f3 b5 6. Qd2 Nc6 7. a4 b4 8. Nd1
h5 9. d5 Nb8 10. Qxb4 Nd7 11. Ne2 Ngf6 12. Nd4 O-O 13. Be2 Qe8 14. Nc6 e6
15. c4 exd5 16. cxd5 Ne5 17. Nxe5 Qxe5 18. O-O Bd7 19. Qd2 c5 20. Bf4 Qe7
21. Ne3 Rfd8 22. Nc4 Be8 23. Rfe1 Rab8 24. Bf1 Rb4 25. Qc2 Nh7 26. Bd2 Rdb8
27. Bxb4 Rxb4 28. e5 dxe5 29. b3 Qb7 30. Rad1 Bd7 31. Nxe5 Bf5 32. Bd3 Bxd3
33. Rxd3 Qb6 34. Nc4 Qd8 35. Qe2 Bd4+ 36. Kh1 Qxd5 37. Qe4 Qg5 38. f4 Qh4
39. g3 Qh3 40. Qe8+ Kg7 41. Nd6 h4 42. Qxf7+ Kh6 43. Qe6 Qxe6 44. Rxe6 hxg3
45. Nf5+ Kh5 46. Nxd4 cxd4 47. hxg3 g5 48. Re5 Kg4 49. Re4 Nf6 50. Rexd4 Rb7
51. fxg5+ Kxg5 52. Kg2 Rc7 53. Kf3 Rc1 54. Rf4 Rc5 55. b4 Re5 56. Rd6 Nd5
57. Rg4+ Kf5 58. Rd4 Ne3 59. Rf4+ Kg5 60. Re4 Rxe4 61. Kxe4 Nc4 62. Rxa6 Kg4
63. b5 Kxg3 64. b6 {Black resigns} 1-0

[Event "ICC tourney 1987 (15 5)"]
[Site "Internet Chess Club"]
[Date "2020.08.30"]
[Round "2"]
[White "Venom2020"]
[Black "tedchen"]
[Result "0-1"]
[ICCResult "White resigns"]
[WhiteElo "2103"]
[BlackElo "2307"]
[Opening "Robatsch defense: two knights variation"]
[ECO "B06"]
[NIC "KF.05"]
[Time "13:08:39"]
[TimeControl "900+5"]

1. e4 g6 2. d4 Bg7 3. Nc3 d6 4. Nf3 Nc6 5. h3 e5 6. Be3 Nge7 7. Bc4 O-O 8.
O-O a6 9. a4 Kh8 10. dxe5 Nxe5 11. Nxe5 Bxe5 12. Bd4 Nc6 13. Bxe5+ Nxe5 14.
Be2 g5 15. Qd2 Be6 16. f4 gxf4 17. Qxf4 Rg8 18. Kh1 c6 19. Rad1 Qe7 20. Rd2
Rad8 21. Rfd1 Ng6 22. Qf2 Rg7 23. Bf1 Ne5 24. b3 Bc8 25. Qe3 Rg6 26. Ne2
Rdg8 27. Nf4 Rg3 28. Qf2 Qh4 29. Rxd6 Bxh3 30. gxh3 R3g4 31. Qd4 Rxf4 32.
Qxe5+ f6 33. Qe6 Qf2 34. Qxg8+ Kxg8 35. Bc4+ Kg7 36. Rg1+ Kh6 37. Rd3 Qxc2
38. Rdg3 Rf2 39. R1g2 Qxe4 40. Kh2 Rxg2+ 41. Rxg2 b5 42. axb5 axb5 43. Be2
f5 44. Kg1 Qe3+ 45. Rf2 Qxb3 46. Bf1 Kg6 47. Bg2 c5 48. Kh2 c4 49. Rd2 Qe3
50. Rd6+ Kf7 51. Rd5 c3 52. Rxf5+ Kg6 53. Rf3 Qxf3 54. Bxf3 Kf5 55. Be2 Ke4
56. Bd1 Ke3 57. Kg3 Kd2 58. Bb3 c2 59. Bxc2 Kxc2 60. Kg4 b4 61. Kh5 b3 62.
Kh6 b2 63. Kxh7 b1=Q 64. h4 Qh1 {White resigns} 0-1

[Event "ICC tourney 1987 (15 5)"]
[Site "Internet Chess Club"]
[Date "2020.08.30"]
[Round "2"]
[White "sanjayrame"]
[Black "rjc64uk"]
[Result "1-0"]
[ICCResult "Black resigns"]
[WhiteElo "2026"]
[BlackElo "2094"]
[Opening "French: exchange variation"]
[ECO "C01"]
[NIC "FR.01"]
[Time "13:08:39"]
[TimeControl "900+5"]

1. e4 e6 2. d4 d5 3. exd5 exd5 4. Nf3 Bg4 5. Be2 Nd7 6. Nc3 c6 7. O-O Bd6 8.
Ne5 Bxe2 9. Qxe2 Ne7 10. Bf4 Qc7 11. Rfe1 Nf6 12. Nxf7 Bxf4 13. Nxh8 Bxh2+
14. Kh1 Bd6 15. Qe6 Qd7 16. Qf7+ Kd8 17. Qxg7 Kc7 18. Qxf6 Rg8 19. Nf7 Rg6
20. Qf3 Nf5 21. Nxd6 Rxd6 22. Re5 Nxd4 23. Qe3 Nxc2 24. Re7 Nxe3 25. Rxd7+
Rxd7 26. fxe3 Re7 27. Nd1 Kd6 28. Kg1 c5 29. Kf2 d4 30. b3 Kd5 31. exd4 cxd4
32. Nb2 Rc7 33. Nc4 b5 34. Nd2 Rc2 35. Ke2 h5 36. Kd3 Rc3+ 37. Ke2 Rc2 38.
a4 b4 39. Rh1 Rc3 40. Rxh5+ Kc6 41. g4 Rg3 42. Rg5 d3+ 43. Kf2 Rh3 44. Rf5
Rh2+ 45. Ke3 Rg2 46. g5 Rg3+ 47. Kd4 a6 48. Rf3 Rxg5 49. Rxd3 Rg4+ 50. Ne4
a5 51. Rg3 Rh4 52. Rg6+ Kb7 53. Kd5 Rh5+ 54. Kc4 Rh3 55. Nc5+ Kc7 56. Kb5
Rh5 57. Rc6+ Kd8 58. Kxa5 Rh4 59. Kb5 Rg4 60. a5 Rg7 61. a6 Ra7 62. Kb6 Rh7
63. a7 Rxa7 64. Kxa7 Ke7 65. Kb6 Kf7 66. Kb5 Ke7 67. Kxb4 Kf7 68. Kc4
{Black resigns}
1-0

[Event "ICC tourney 1987 (15 5)"]
[Site "Internet Chess Club"]
[Date "2020.08.30"]
[Round "2"]
[White "Averyyu321"]
[Black "Mookmookarmy"]
[Result "0-1"]
[ICCResult "White checkmated"]
[WhiteElo "1804"]
[BlackElo "2233"]
[Opening "French: Tarrasch, open variation"]
[ECO "C07"]
[NIC "FR.18"]
[Time "13:08:57"]
[TimeControl "900+5"]

1. e4 e6 2. d4 d5 3. Nd2 c5 4. c3 cxd4 5. cxd4 Nc6 6. Ngf3 Bb4 7. e5 Qb6 8.
a3 Be7 9. Nb3 a5 10. Qc2 a4 11. Nc5 Nxd4 12. Nxd4 Bxc5 13. Nf3 Bd7 14. Bd3
Rc8 15. Qe2 Ne7 16. O-O Nc6 17. Bf4 Na5 18. Rad1 Nb3 19. Nd2 Nd4 20. Qg4 Kf8
21. Rb1 Bb5 22. Bxb5 Qxb5 23. Rfe1 Nf5 24. Qe2 Qxe2 25. Rxe2 Ke7 26. Nf3 b6
27. g4 Nd4 28. Nxd4 Bxd4 29. Rd1 Rc4 30. Red2 Bc5 31. Bg5+ f6 32. exf6+ gxf6
33. Bh4 Rxg4+ 34. Bg3 h5 35. Kh1 h4 36. f3 Rc4 37. Bf2 Rg8 38. Bxc5+ bxc5
39. Re2 Kd6 40. Rde1 e5 41. Rd2 Rd4 42. Rc2 c4 43. Rce2 Rd3 44. Rf2 h3 45.
Ref1 f5 46. f4 e4 47. Re2 Kc5 48. Rg1 Rxg1+ 49. Kxg1 d4 50. Kf2 Rf3+ 51. Ke1
Rxf4 52. Rc2 e3 53. Re2 Rg4 54. Kf1 f4 55. Rc2 f3 56. b3 axb3 57. Rb2 d3 58.
a4 d2 59. Rb1 Rg2 60. a5 e2# {White checkmated} 0-1

[Event "ICC tourney 1987 (15 5)"]
[Site "Internet Chess Club"]
[Date "2020.08.30"]
[Round "2"]
[White "Zwish"]
[Black "InfernoKing"]
[Result "0-1"]
[ICCResult "White resigns"]
[WhiteElo "1939"]
[BlackElo "2128"]
[Opening "Anderssen's opening"]
[ECO "A00"]
[NIC "VO.14"]
[Time "13:08:56"]
[TimeControl "900+5"]

1. a3 e5 2. c4 Nf6 3. e3 Nc6 4. b4 d5 5. cxd5 Nxd5 6. Qc2 Bd6 7. Nf3 O-O 8.
Bb2 Nde7 9. b5 Na5 10. Bxe5 Bxe5 11. Nxe5 Qd5 12. Nc4 Bf5 13. Qc3 Nxc4 14.
Qxc4 Qd6 15. Nc3 c6 16. d4 cxb5 17. Nxb5 Qg6 18. Qb4 Nd5 19. Qd6 Nf6 20. Qg3
Qh6 21. Nd6 Be4 22. Be2 Rfd8 23. Nxe4 Nxe4 24. Qg4 Nf6 25. Qf3 Nd5 26. O-O
Rac8 27. Qh5 Qxh5 28. Bxh5 Rc2 29. Rfc1 Rdc8 30. Rxc2 Rxc2 31. Bf3 Nc3 32.
Bxb7 h5 33. g3 a5 34. Bf3 g6 35. Kf1 a4 36. Bd1 Nxd1 37. Rxd1 Rc3 38. Ra1 f6
39. Ke1 Kf7 40. Kd2 Rb3 41. Kc2 Ke6 42. Rb1 Rxa3 43. Rb6+ Ke7 44. Rb7+ Ke6
45. Kb2 Rd3 46. Kc2 Ra3 47. Rb4 Ra2+ 48. Kd3 Rxf2 49. Rxa4 Rxh2 50. Ra6+ Ke7
51. Ke4 Rh3 52. Kf4 g5+ 53. Kf5 Rxg3 54. Ra7+ Kd6 55. e4 Rf3+ 56. Kg6 g4 57.
Ra6+ Ke7 58. d5 g3 59. Kxh5 g2 60. Ra7+ Kd6 61. Rg7 Rh3+ 62. Kg4 g1=Q+
{White resigns}
0-1

[Event "ICC tourney 1987 (15 5)"]
[Site "Internet Chess Club"]
[Date "2020.08.30"]
[Round "3"]
[White "VincentT2008"]
[Black "Zwish"]
[Result "0-1"]
[ICCResult "White resigns"]
[WhiteElo "1839"]
[BlackElo "1951"]
[Opening "Benkö gambit: Zaitsev system"]
[ECO "A50"]
[NIC "BI.44"]
[Time "14:03:54"]
[TimeControl "900+5"]

1. d4 Nf6 2. c4 a6 3. Nc3 c5 4. d5 b5 5. cxb5 axb5 6. Nxb5 Qa5+ 7. Nc3 Bb7
8. Bd2 Qb6 9. e4 e6 10. Bc4 Nxe4 11. dxe6 fxe6 12. Qh5+ g6 13. Qe5 Nxd2 14.
Bb5 Rg8 15. Kxd2 Bg7 16. Qe2 Bxg2 17. Nf3 Bh6+ 18. Kc2 Bxh1 19. Rxh1 Nc6 20.
Rd1 Nd4+ 21. Nxd4 cxd4 22. Qxe6+ {White resigns} 0-1

[Event "ICC tourney 1987 (15 5)"]
[Site "Internet Chess Club"]
[Date "2020.08.30"]
[Round "3"]
[White "icyblizzard"]
[Black "clair"]
[Result "1-0"]
[ICCResult "Black checkmated"]
[WhiteElo "2112"]
[BlackElo "1714"]
[Opening "Scandinavian: Pytel-Wade variation"]
[ECO "B01"]
[NIC "SD.02"]
[Time "14:03:50"]
[TimeControl "900+5"]

1. e4 d5 2. exd5 Qxd5 3. Nc3 Qd6 4. d4 g6 5. Bc4 Bg7 6. Nge2 a6 7. Bf4 Qd8
8. a4 Nf6 9. Qd2 O-O 10. O-O Nc6 11. Rad1 Bg4 12. f3 Be6 13. d5 Na5 14. Ba2
Bc8 15. b4 Nh5 16. Be3 c6 17. bxa5 cxd5 18. Nxd5 e6 19. Bb6 Qh4 20. Nc7 Be5
21. f4 Bxc7 22. Bxc7 Nf6 23. Qe3 Bd7 24. Qg3 Qh5 25. Nd4 Bxa4 26. Be5 Nd7
27. Rde1 Rfc8 28. Bb3 Bxb3 29. cxb3 Nxe5 30. Rxe5 Qh6 31. f5 exf5 32. Nxf5
Qd2 33. Ne7+ Kg7 34. Nxc8 Rxc8 35. Qf2 Qc3 36. Qxf7+ Kh8 37. Re8+ Rxe8 38.
Qxe8+ Kg7 39. Qf8# {Black checkmated} 1-0

[Event "ICC tourney 1987 (15 5)"]
[Site "Internet Chess Club"]
[Date "2020.08.30"]
[Round "3"]
[White "Monkeybomb3605"]
[Black "rychessmaster1"]
[Result "0-1"]
[ICCResult "White resigns"]
[WhiteElo "1984"]
[BlackElo "2149"]
[Opening "Four knights: symmetrical, Metger unpin"]
[ECO "C49"]
[NIC "KP.03"]
[Time "14:03:51"]
[TimeControl "900+5"]

1. e4 e5 2. Nf3 Nf6 3. Nc3 Nc6 4. Bb5 Bb4 5. O-O O-O 6. d3 d6 7. Bg5 Bxc3 8.
bxc3 Qe7 9. h3 Nd8 10. Re1 Ne6 11. Bh4 a6 12. Bc4 b5 13. Bb3 c5 14. Bd5 Rb8
15. d4 Nf4 16. dxe5 dxe5 17. Qc1 Rd8 18. c4 h6 19. Bxf6 Qxf6 20. Kh2 Nxh3
21. gxh3 Qxf3 22. Qe3 Qxe3 23. Rxe3 Bb7 24. Rb1 Rd6 25. Reb3 Bxd5 26. cxd5
f5 27. f3 fxe4 28. fxe4 Rf8 29. Rg1 Rf4 30. Re3 Kf7 31. Rg2 g5 32. Kg3 Rdf6
33. Rd2 Ke7 34. Ra3 Rxe4 35. d6+ Rxd6 36. Rxd6 Kxd6 37. Rxa6+ Kd5 38. Rxh6
Rc4 39. Rg6 Rxc2 40. Rxg5 Rxa2 41. h4 Ra1 42. Kf3 Kd4 {White resigns} 0-1

[Event "ICC tourney 1987 (15 5)"]
[Site "Internet Chess Club"]
[Date "2020.08.30"]
[Round "3"]
[White "InfernoKing"]
[Black "IndianTerritory"]
[Result "0-1"]
[ICCResult "White resigns"]
[WhiteElo "2106"]
[BlackElo "2017"]
[Opening "Caro-Kann: exchange variation"]
[ECO "B13"]
[NIC "CK.02"]
[Time "14:03:55"]
[TimeControl "900+5"]

1. e4 c6 2. d4 d5 3. exd5 cxd5 4. Nf3 Bg4 5. h3 Bxf3 6. Qxf3 Nf6 7. c3 e6 8.
Bd3 Nbd7 9. O-O Be7 10. Nd2 O-O 11. Re1 a6 12. Nf1 b5 13. Ng3 Rc8 14. Bf4
Rc6 15. Nh5 Nb6 16. Nxf6+ Bxf6 17. Be5 Bxe5 18. Rxe5 Nc4 19. Re2 a5 20. Rae1
h6 21. Qf4 Qg5 22. Qxg5 hxg5 23. Bxc4 bxc4 24. Re5 Rb8 25. Rxg5 Rxb2 26. a4
Rc2 27. Rb1 Rc7 28. Rb8+ Kh7 29. Ra8 Rxc3 30. Rxa5 Rc1+ 31. Kh2 c3 32. f4
Ra1 33. f5 exf5 34. Rxd5 c2 35. Rgxf5 c1=Q 36. Rh5+ Kg6 37. Rhg5+ Qxg5 38.
Rxg5+ Kxg5 {White resigns} 0-1